 Dungeon Crawl Stone Soup version 0.13.0-29-gdb529de (webtiles) character file.

603 Lilouch the Ruinous (level 6, -9/32 HPs)
             Began as a Deep Elf Fire Elementalist on Nov 8, 2013.
             Mangled by Duvessa
             ... wielding a cursed +0,-2 elven short sword
              (10 damage)
             ... on Level 4 of the Dungeon.
             The game lasted 00:24:06 (3307 turns).

Lilouch the Ruinous (Deep Elf Fire Elementalist)    Turns: 3307, Time: 00:24:07

HP  -9/32        AC  4     Str  5      XL: 6   Next: 49%
MP  17/29        EV 13     Int 22      God:
Gold 216         SH  0     Dex 15      Spells:  4 memorised,  4 levels left

Res.Fire  : . . .   See Invis. : .   (no weapon)
Res.Cold  : + . .   Warding    : .   F - +0 elf robe (curse)
Life Prot.: . . .   Conserve   : .   (no shield)
Res.Poison: .       Res.Corr.  : .   y - +0 helmet (curse)
Res.Elec. : .       Clarity    : .   (no cloak)
Sust.Abil.: . .     Spirit.Shd : .   s - +0 pair of elf gauntlets
Res.Mut.  : .       Stasis     : .   (no boots)
Res.Rott. : .       Flight     : .   (no amulet)
Saprovore : . . .                    p - ring of protection from cold {unknown}
                                     e - ring of magical power

@: very slightly contaminated, slightly resistant to hostile enchantments,
fairly stealthy
A: no striking features
a: no special abilities


You were on level 4 of the Dungeon.
You were not hungry.

You visited 1 branch of the dungeon, and saw 4 of its levels.

You collected 196 gold pieces.

Inventory:

Hand weapons
 j - a +0,+0 dagger (quivered)
 k - a +0,+1 dagger
 l - a +0,+0 dagger
 o - a +0,+0 dagger
 q - a +0,+1 orcish dagger
 t - a +2 blowgun
 C - a +1,+2 orcish dagger
 E - a +1,+0 elven dagger
 H - a +0,+0 orcish trident
 I - a +2,+0 dwarven crossbow
Missiles
 B - 31 poisoned needles
Armour
 s - a +0 pair of elven gauntlets (worn)
 y - a cursed +0 helmet (worn)
 F - a cursed +0 elven robe (worn)
Comestibles
 c - 3 bread rations
 i - a rambutan
 v - an apple
 J - 2 rotting chunks of worm flesh
Scrolls
 g - a scroll of enchant weapon I {unknown}
 m - 2 scrolls of remove curse {unknown}
 w - a scroll of identify {unknown}
 x - a scroll of enchant weapon II {unknown}
 z - a scroll of magic mapping {unknown}
Jewellery
 e - a ring of magical power (left hand)
 p - a ring of protection from cold (right hand) {unknown}
Potions
 f - 2 potions of curing {unknown}
 h - 2 potions of magic {unknown}
 n - 2 potions of speed {unknown}
 r - a potion of poison {unknown}
 A - a potion of resistance {unknown}
 D - 3 potions of mutation {unknown}
Books
 b - a book of Flames

   Spells                             Type                      Level
   *Flame Tongue                      Conjuration/Fire             1
   *Throw Flame                       Conjuration/Fire             2
   *Conjure Flame                     Conjuration/Fire             3
   Inner Flame                        Hexes/Fire                   3
   *Sticky Flame                      Conjuration/Fire             4
   Fireball                           Conjuration/Fire             5


   Skills:
 - Level 2.4 Dodging
 - Level 2.4 Stealth
 + Level 4.7 Spellcasting
 * Level 5.2 Conjurations
 + Level 4.8 Fire Magic


You had 4 spell levels left.
You knew the following spells:

 Your Spells              Type           Power        Failure   Level  Hunger
a - Flame Tongue          Conj/Fire      ####.        1%          1    None
b - Conjure Flame         Conj/Fire      ####....     4%          3    ##.....
c - Throw Flame           Conj/Fire      ####..       1%          2    None
d - Sticky Flame          Conj/Fire      ####....     14%         4    ####...


Dungeon Overview and Level Annotations

Branches:
Dungeon (4/27)
 Temple: D:4-7

Altars:
Okawaru
Trog

Annotations:
D:4 Duvessa


Message History

Duvessa misses you.
Your 2 potions of coagulated blood rot away.
Duvessa hits you with an elven short sword.
* * * LOW HITPOINT WARNING * * *
Casting: Conjure Flame
Confirm with . or Enter, or press ? or * to list all spells.
Aiming: Sticky Flame
Press: ? - help, Shift-Dir - straight line, f - Duvessa
Aim: Duvessa, wielding an elven short sword (moderately wounded, berserk)
The sticky flame hits Duvessa.
Duvessa is moderately wounded.
Duvessa is covered in liquid flames!
Duvessa burns!
Duvessa barely misses you.
Duvessa burns!
Duvessa hits you with an elven short sword.
* * * LOW HITPOINT WARNING * * *
Duvessa burns!
There is a stone staircase leading up here.
Duvessa burns!
Duvessa hits you with an elven short sword!
You die...

#.##...#..... #.#
#............. #.# #.##..#
##.# #.##<.# ####...
#.###.##..# ##......
#...%.....# ##.......
#####.##ยง## #...._...
#.##.########### ##.......
#.##.......e@[.# #..###.#
#.######.##.##.# #..# #.#
#.######.##.##.#### #..# #.#
#...{.............####..#####
########.##.##.##......#.#
#.##.##.######.#### #.......#
##.## ####.#### ##.# #.# #.#


You could see Duvessa (berserk).

Vanquished Creatures
  Dowan (D:4)
  An orc priest (D:3)
  A worker ant (D:4)
  2 orc wizards (D:3)
  A scorpion (D:4)
  A sky beast zombie (D:3)
  9 adders
  4 worms
  A giant gecko (D:3)
  3 oozes
  10 orcs (D:3)
  8 bats
  3 giant cockroaches
  8 hobgoblins
  3 jackals (D:2)
  5 quokkas
  4 training dummies (D:2)
  5 giant newts
  7 goblins
  A hobgoblin skeleton (D:4)
  9 kobolds
  14 rats
101 creatures vanquished.

Notes
Turn   | Place    | Note
--------------------------------------------------------------
     0 | D:1      | Lilouch, the Deep Elf Fire Elementalist, began the quest for the Orb.
     0 | D:1      | Reached XP level 1. HP: 10/10 MP: 4/4
   335 | D:1      | Reached XP level 2. HP: 15/15 MP: 6/6
   844 | D:2      | Reached XP level 3. HP: 19/19 MP: 9/9
   853 | D:2      | Learned a level 3 spell: Conjure Flame
   856 | D:2      | Learned a level 2 spell: Throw Flame
  1033 | D:2      | Reached skill level 4 in Fire Magic
  1255 | D:2      | Found an iron altar of Okawaru.
  1258 | D:2      | Reached XP level 4. HP: 24/24 MP: 4/12
  1874 | D:3      | Reached XP level 5. HP: 28/28 MP: 16/16
  2905 | D:4      | Found a bloodstained altar of Trog.
  2913 | D:4      | Reached XP level 6. HP: 32/32 MP: 18/19
  3074 | D:4      | Noticed Dowan
  3106 | D:4      | Reached skill level 5 in Conjurations
  3255 | D:3      | Learned a level 4 spell: Sticky Flame
  3272 | D:4      | Killed Dowan
  3295 | D:4      | Noticed Duvessa
  3305 | D:4      | HP: 1/32 [Duvessa/elven short sword (6)]
  3307 | D:4      | Mangled by Duvessa

Action                   |  1- 3 |  4- 6 || total
-------------------------+-------+-------++-------
Melee: Unarmed           |     7 |     6 ||    13
 Cast: Flame Tongue      |    50 |    77 ||   127
       Throw Flame       |    17 |    48 ||    65
       Conjure Flame     |     2 |    16 ||    18
       Sticky Flame      |       |     3 ||     3
